 Dungeon Crawl Stone Soup version 0.21.1-1-g345015f (webtiles) character file.

32 Monsterracer the Sneak (level 3, -1/16 HPs)
             Began as a Vine Stalker Enchanter on Feb 18, 2018.
             Slain by a hobgoblin
             ... wielding a +0 club
              (3 damage)
             ... on level 1 of the Dungeon.
             The game lasted 00:02:01 (1499 turns).

Monsterracer the Sneak (Vine Stalker Enchanter)     Turns: 1499, Time: 00:02:02

Health: -1/16      AC:  2    Str: 10    XL:     3   Next: 27%
Magic:  0/7        EV: 12    Int: 16    God:
Gold:   36         SH:  0    Dex: 14    Spells: 0/6 levels left

rFire    . . .     SeeInvis .   a - +1 dagger
rCold    . . .     Gourm    .   (no shield)
rNeg     . . .     Faith    .   b - +0 robe
rPois    .         Spirit   +   (no helmet)
rElec    .         Reflect  .   (no cloak)
rCorr    .         Harm     .   (no gloves)
MR       .....                  (no boots)
Stlth    +++.......             (no amulet)
HPRegen  0.05/turn              (no ring)
MPRegen  0.10/turn              (no ring)

@: very slightly contaminated
A: fangs 2, magic shield, antimagic bite, no potion heal 3, rot immunity
a: no special abilities


You were on level 1 of the Dungeon.
You were not hungry.

You visited 1 branch of the dungeon, and saw 2 of its levels.

You collected 36 gold pieces.

Inventory:

Hand Weapons
 a - a +1 dagger (weapon)
Armour
 b - a +0 robe (worn)
Scrolls
 e - a scroll of immolation {unknown}
 h - a scroll of remove curse {unknown}
Potions
 f - a potion of flight {unknown}
 g - a potion of lignification {unknown}
 j - a potion of ambrosia {unknown}
Books
 d - a book of Maledictions

   Spells                             Type                      Level
   a - Corona                         Hexes                        1
   b - Ensorcelled Hibernation        Hexes/Ice                    2
   c - Confuse                        Hexes                        3
   d - Tukima's Dance                 Hexes                        3
   e - Dazzling Spray                 Conjuration/Hexes            3
Comestibles
 c - 4 rations


   Skills:
 * Level 2.0 Short Blades
 - Level 1.5 Dodging
 * Level 4.6 Stealth
 - Level 2.1 Spellcasting
 + Level 3.0 Hexes


You couldn't memorise any spells.
You knew the following spells:

 Your Spells              Type           Power        Failure   Level  Hunger
a - Corona                Hex            ##.....      6%          1    #......
b - Ensorcelled Hibernat  Hex/Ice        #.....       17%         2    ###....
c - Confuse               Hex            ##......     19%         3    ###....


Dungeon Overview and Level Annotations

Branches:
Dungeon (2/15)

Altars:


Innate Abilities, Weirdness & Mutations

You have extremely sharp teeth.
When hurt, damage is shared between your health and your magic reserves.
Your bite disrupts and absorbs the magic of your enemies.
Potions cannot restore your health.
You are immune to rotting.


Message History

The helpless kobold fails to defend itself.
You impale the kobold!!
You kill the kobold!
Things that are here:
a whip; 2 stones
Found a stone staircase leading down.
Eating one of 2 chunks of flesh.
You eat one of the 2 chunks of flesh.
This raw flesh tastes terrible.
A hobgoblin comes into view. It is wielding a club.
The helpless hobgoblin fails to defend itself.
You impale the hobgoblin!!
You kill the hobgoblin!
Things that are here:
a club; a hobgoblin corpse
j - a black potion You see here a jackal skeleton.
Done exploring.
There is a stone staircase leading down here.
You climb downwards.
A giant cockroach and a hobgoblin come into view.
The hobgoblin shouts!
You hear an angry hiss.
You hear a shout!
Found an emerald potion and a scroll labeled VOW LIAHETO.
There is a stone staircase leading up here.
There are monsters nearby!
The giant cockroach barely misses you.
A frilled lizard comes into view.
You barely miss the giant cockroach.
The giant cockroach bites you but does no damage.
You hit the giant cockroach.
The giant cockroach is almost dead.
The giant cockroach bites you but does no damage.
You closely miss the giant cockroach.
You kill the giant cockroach!
The hobgoblin hits you with a club.
You take 2 damage, and have 14/16 hp.
You now have 6/7 mp.
You closely miss the hobgoblin. The hobgoblin hits you with a club.
You now have 5/7 mp.
You barely miss the hobgoblin. The hobgoblin barely misses you.
You hit the hobgoblin. You bite the hobgoblin. You drain its power.
You feel invigorated.
The hobgoblin is almost dead.
The hobgoblin hits you with a club.
You take 5 damage, and have 9/16 hp.
MASSIVE DAMAGE!!
You barely miss the hobgoblin.
You kill the hobgoblin!
You are too injured to fight recklessly!
A hobgoblin comes into view. It is wielding a club.
You completely miss the frilled lizard.
The frilled lizard completely misses you.
You hit the frilled lizard.
You kill the frilled lizard!
Things that are here:
a club; a frilled lizard corpse; a hobgoblin corpse You are too injured to fight recklessly!
You are too injured to fight recklessly!
A frilled lizard comes into view.
The frilled lizard hisses angrily.
Things that are here:
a club; a frilled lizard corpse; a hobgoblin corpse
Casting: Corona
Confirm with . or Enter, or press ? or * to list all spells.
Aiming: Ensorcelled Hibernation
Press: ? - help, Shift-Dir - straight line, f - hobgoblin
Aim: a hobgoblin, wielding a club (chance to defeat MR: 55%)
The hobgoblin resists with significant effort.
The hobgoblin hits you with a club.
* * * LOW HITPOINT WARNING * * *
You take 2 damage, and have 8/16 hp.
You now have 3/7 mp.
Casting: Ensorcelled Hibernation
Confirm with . or Enter, or press ? or * to list all spells.
Aiming: Ensorcelled Hibernation
Press: ? - help, Shift-Dir - straight line, f/p - hobgoblin
Aim: a hobgoblin, wielding a club (chance to defeat MR: 55%)
You miscast Ensorcelled Hibernation.
You are very lightly contaminated with residual magic.
The light around you dims momentarily. The hobgoblin hits you with a club.
* * * LOW HITPOINT WARNING * * *
You take 2 damage, and have 6/16 hp.
You now have 0/7 mp.
There is a stone staircase leading up here.
You barely miss the hobgoblin. Your bite misses the hobgoblin.
The hobgoblin closely misses you.
You hit the hobgoblin.
The hobgoblin is moderately wounded.
All of the chunks of flesh in your inventory have rotted away.
The hobgoblin hits you but does no damage.
You climb upwards.
There is a stone staircase leading down here.
Unknown command.
You closely miss the hobgoblin.
The hobgoblin is moderately wounded.
The hobgoblin closely misses you.
You hit the hobgoblin but do no damage.
The hobgoblin is moderately wounded.
The hobgoblin hits you with a club.
* * * LOW HITPOINT WARNING * * *
You take 4 damage, and have 2/16 hp.
MASSIVE DAMAGE!!
You closely miss the hobgoblin.
The hobgoblin is moderately wounded.
The hobgoblin hits you with a club.
You die...

######.#...##.#####..
#.#.............
######.#......######.
#....................
#..................##
#.......#########....
#####....................
#.......##......#####....
#.###...@........# #....
#.#####g###......# #....
#.........#......# #....
#.#.......#......# #....
#)#.......#......# #####
#.#.......#......####
#...................#
#####.########......# #
#.# #.# #......# #


You could see a hobgoblin.

Vanquished Creatures
  3 leopard geckos (D:1)
  4 bats (D:1)
  A giant cockroach (D:2)
  3 goblins (D:1)
  5 hobgoblins
  4 jackals (D:1)
  A frilled lizard (D:2)
  2 kobolds (D:1)
  2 rats (D:1)
25 creatures vanquished.

Notes
Turn   | Place    | Note
-------+----------+-------------------------------------------
     0 | D:1      | Monsterracer the Vine Stalker Enchanter began the quest for the Orb.
     0 | D:1      | Reached XP level 1. HP: 9/9 MP: 4/4
    68 | D:1      | Reached skill level 1 in Short Blades
   287 | D:1      | Reached skill level 4 in Stealth
   373 | D:1      | Reached XP level 2. HP: 13/13 MP: 6/6
   484 | D:1      | HP: 6/13 [goblin (1)]
   486 | D:1      | HP: 2/13 [goblin (1)]
   854 | D:1      | Learned a level 2 spell: Ensorcelled Hibernation
   990 | D:1      | HP: 6/13 [jackal (1)]
   999 | D:1      | HP: 3/13 [jackal (1)]
  1000 | D:1      | Reached XP level 3. HP: 3/16 MP: 2/7
  1011 | D:1      | Learned a level 3 spell: Confuse
  1489 | D:2      | HP: 8/16 [hobgoblin/club (2)]
  1498 | D:1      | HP: 2/16 [hobgoblin/club (4)]
  1499 | D:1      | Slain by a hobgoblin

Skill      XL: |  1  2  3 |
---------------+----------+-----
Short Blades   | 1 2 |  2.0
Stealth        | 4 |  4.6
Dodging        | |  1.5
Spellcasting   | |  2.1
Hexes          | |  3.0

Action                   || total
-------------------------++-------
Melee: Dagger            ||    71
       Bite              ||    12
 Cast: Corona            ||     8
       Ensorcelled Hiber ||     1
 Stab: Sleeping          ||     8
  Eat: Chunk             ||     2
Armor: Robe              ||    17
Dodge: Dodged            ||    31

Vault maps used:
D:1:      dpeg_arrival_concentric_ovals, minmay_crystal_room, minmay_cupped
D:2:      cheibrodos_pilgrimage, grunt_ministairs_6, lemuel_statue_altar
